 Dungeon Crawl Stone Soup version 0.29.1-1-gd02db6906a (webtiles) character file.

Game seed: 17778542735797252490

34 raistware the Conjurer (level 3, -4/21 HPs)
             Began as an Octopode Conjurer on Sept 29, 2022.
             Slain by a goblin
             ... wielding a +0 club
             ... led by Robin
              (5 damage)
             ... on level 2 of the Dungeon.
             The game lasted 00:02:32 (1582 turns).

raistware the Conjurer (Octopode Conjurer)          Turns: 1582, Time: 00:02:32

Health: -4/21      AC:  1    Str:  6    XL:     3   Next: 31%
Magic:  7/7        EV: 13    Int: 22    God:
Gold:   52         SH:  0    Dex: 10    Spells: 7/8 levels left

rFire   . . .      SeeInvis .   b - +0 dagger (speed)
rCold   . . .      Faith    .   (no shield)
rNeg    . . .      Spirit   .   (helmet restricted)
rPois   .          Reflect  .   (no amulet)
rElec   .          Harm     .   (no ring)
rCorr   .          Rampage  .   (no ring)
Will    .....                   (no ring)
Stlth   +++.......              (no ring)
HPRegen 0.07/turn               (no ring)
MPRegen 0.10/turn               (no ring)
                                (no ring)
                                (no ring)

@: mighty
A: almost no armour, amphibious, 8 rings, camouflage 1, gelatinous body 1,
(nimble swimmer 1), tentacles
a: no special abilities


You were on level 2 of the Dungeon.
You visited 1 branch of the dungeon, and saw 2 of its levels.

You collected 52 gold pieces.

Inventory:

Hand Weapons
 b - a +0 dagger of speed (weapon)
Missiles
 f - 6 poisoned darts
Scrolls
 c - 2 scrolls of torment {unknown}
 d - a scroll of identify {unknown}
 e - a scroll of magic mapping {unknown}
 k - a scroll of immolation {unknown}
Potions
 a - a potion of magic
 g - a potion of might
 h - a potion of curing {unknown}
 i - a potion of brilliance {unknown}
 j - a potion of haste {unknown}


   Skills:
 - Level 2.0 Dodging
 - Level 2.6 Stealth
 + Level 3.4 Spellcasting
 - Level 4.0 Conjurations


You had 7 spell levels left.
You knew the following spells:

 Your Spells              Type           Power      Damage    Failure   Level
a - Magic Dart            Conj           84%        1d7       2%          1

Your spell library contained the following spells:

 Spells                   Type           Power      Damage    Failure   Level
 Searing Ray              Conj           42%        2d6       3%          2
 Dazzling Flash           Conj/Hex       24%        N/A       16%         3
 Fulminant Prism          Conj/Hex       6%         3d7       45%         4
 Iskenderun's Mystic Bla  Conj/Tloc      12%        2d5       45%         4
 Iskenderun's Battlesphe  Conj           21%        2d7       54%         5
 Fireball                 Conj/Fire      6%         3d5       82%         5
 Conjure Ball Lightning   Conj/Air       6%         3x3d6     100%        6
 Orb of Destruction       Conj           10%        9d6       100%        7


Dungeon Overview and Level Annotations

Branches:
Dungeon (2/15)

Altars:

Annotations:
D:2 Robin


Innate Abilities, Weirdness & Mutations

You cannot wear most types of armour.
You are amphibious.
You can wear up to eight rings at the same time.
Your skin changes colour to match your surroundings (Stealth+).
Your rubbery body absorbs attacks. (AC +1, EV +1)
((You are camouflaged when in or above water. (Stealth+)))
You have tentacles for arms and can constrict up to eight enemies at once.


Message History

Aiming: Magic Dart (safe; 2% risk of failure)
Press: ? - help, Shift-Dir - straight line, f/p - hobgoblin
Aim: a hobgoblin (severely wounded, 100% to hit)
The magic dart hits the hobgoblin.
You kill the hobgoblin!
You start resting.
Magic restored.
Found an escape hatch in the floor.
You now have 52 gold pieces (gained 15).
Found a mace.
Robin, 2 hobgoblins and 2 goblins come into view.
A goblin comes into view. It is wielding a +0 club.
The goblin shouts!
The hobgoblin shouts!
Robin shouts!
The goblin shouts!
You hear a shout! x3
The goblin shouts!
You hit the hobgoblin but do no damage. Your grab misses the hobgoblin.
You hit the hobgoblin. Your grab misses the hobgoblin.
The hobgoblin is severely wounded.
Robin throws the goblin at you! The goblin hits you with a club.
The hobgoblin closely misses you.
You miss the goblin. Your grab misses the goblin.
Your squeeze misses the goblin.
Robin flexes a bicep menacingly.
A goblin comes into view. It is wielding a +0 dagger.
The goblin barely misses you. The hobgoblin hits you.
You closely miss the goblin. You grab the goblin. You constrict the goblin.
It was a potion of might.
You feel very mighty all of a sudden.
You constrict the goblin.
Robin roars a battlecry!
The goblins go into a battle-frenzy!
The goblin misses you. The hobgoblin hits you.
* * * LOW HITPOINT WARNING * * *
You hear a shout!
You puncture the goblin!
You kill the goblin!
Robin throws the goblin at you! The goblin hits you with a +0 dagger.
* * * LOW HITPOINT WARNING * * *
The goblin hits you with a +0 club.
You die...

# .# g.# ##.#
##.g.#...
#ggg..... #@#
#g# .. ##.# ..
#..##.#
#########.....#
#...)......####
#..........#
##.
#.........## ..
#.........# #.#


You could see Robin, 2 hobgoblins and 3 goblins.

Vanquished Creatures
  A dart slug (D:1)
  2 ball pythons (D:1)
  4 endoplasms (D:1)
  2 giant cockroaches (D:1)
  3 goblins
  5 hobgoblins
  A quokka (D:1)
  2 bats (D:1)
  2 frilled lizards
  4 kobolds (D:1)
  4 rats (D:1)
30 creatures vanquished.

Notes
Turn   | Place    | Note
-------+----------+-------------------------------------------
     0 | D:1      | raistware the Octopode Conjurer began the quest for the
                  | Orb.
     0 | D:1      | Reached XP level 1. HP: 11/11 MP: 3/3
   473 | D:1      | Reached XP level 2. HP: 17/17 MP: 1/5
   977 | D:1      | Reached XP level 3. HP: 21/21 MP: 4/7
  1575 | D:2      | Noticed Robin
  1582 | D:2      | HP: 1/21 [goblin/+0 dagger[Robin] (3)]
  1582 | D:2      | Slain by a goblin

Illustrated notes

Levels and vault maps discovered:
D:1:      minmay_arrival_checkered_box, layout_rooms, serial_rivers,
          chequers_serial_rivers_micro_c, chequers_serial_rivers_small_b,
          chequers_serial_rivers_micro_c, chequers_serial_rivers_small_b,
          chequers_serial_rivers_small_b, chequers_serial_rivers_micro_d
D:2:      layout_rooms, uniq_robin

Skill      XL: |  1  2 |
---------------+-------+-----
Spellcasting   | 3 |  3.4
Dodging        | |  2.0
Stealth        | |  2.6
Conjurations   | |  4.0

Action                   || total
-------------------------++-------
Melee: Unarmed           ||    12
       Tentacles         ||     7
       Constrict         ||     4
       Dagger            ||    11
 Cast: Magic Dart        ||    54
  Use: Potion            ||     1
Dodge: Dodged            ||    15
